AA
CALGARY COWBOYS @ BAR HARBOR ISLANDERS
07/23/2059
 
TOP OF THE 1ST
Calgary Cowboys batting - Pitching for Bar Harbor Islanders : LHP Oscar Thompson
Pitching: LHP Oscar Thompson
Batting: RHB Jeff DeLong 0-0: Ball
1-0: Called Strike
1-1: Ball
2-1: Foul Ball, location: 2F
2-2: Strikes out swinging
Batting: RHB Lanny Suharto 0-0: Ball
1-0: Foul Ball, location: 2F
1-1: SINGLE (Groundball, 56D, EV 106.2 MPH)
Batting: LHB Stavian Adjeng 0-0: Ball
Lanny Suharto steals 2nd base
1-0: Ball
2-0: Ball
3-0: Called Strike
3-1: Base on Balls
Batting: LHB Wyatt Ludwig 0-0: Foul Ball, location: 2F
0-1: Called Strike
0-2: Ball
1-2: Strikes out looking
Batting: RHB Archie Dorsey 0-0: Called Strike
0-1: Called Strike
0-2: Ball
1-2: Strikes out swinging
Top of the 1st over - 0 runs, 1 hit, 0 errors, 2 left on base; Calgary 0 - Bar Harbor 0
BOTTOM OF THE 1ST
Bar Harbor Islanders batting - Pitching for Calgary Cowboys : RHP Dario Gibbs
Pitching: RHP Dario Gibbs
Batting: RHB Liam Walker 0-0: Foul Ball, location: 2F
0-1: Called Strike
0-2: Ball
1-2: Fly out, F8 (Flyball, 8LD, EV 76.9 MPH)
Batting: RHB Chance Maki 0-0: Ball
1-0: Ground out 4-3 (Groundball, 4, EV 78.1 MPH)
Batting: LHB Quince Azariev 0-0: Called Strike
0-1: Ground out 3-1 (Groundball, 34, EV 104.4 MPH)
Bottom of the 1st over - 0 runs, 0 hits, 0 errors, 0 left on base; Calgary 0 - Bar Harbor 0
TOP OF THE 2ND
Calgary Cowboys batting - Pitching for Bar Harbor Islanders : LHP Oscar Thompson
Batting: SHB Blake Humphrey 0-0: Called Strike
0-1: Ball
1-1: Swinging Strike
1-2: Strikes out swinging
Batting: RHB Larry Blachowicz 0-0: Ball
1-0: Ball
2-0: Called Strike
2-1: Foul Ball, location: 2F
2-2: Ground out 5-3 (Groundball, 56, EV 81.9 MPH)
Batting: RHB Trent Gianopulos 0-0: Foul Ball, location: 2F
0-1: Ball
1-1: Ball
2-1: Ground out 6-3 (Groundball, 6M, EV 84.4 MPH)
Top of the 2nd over - 0 runs, 0 hits, 0 errors, 0 left on base; Calgary 0 - Bar Harbor 0
BOTTOM OF THE 2ND
Bar Harbor Islanders batting - Pitching for Calgary Cowboys : RHP Dario Gibbs
Batting: SHB Art Villani 0-0: Ball
1-0: Ball
2-0: Called Strike
2-1: Called Strike
2-2: Ground out 4-3 (Groundball, 4M, EV 91.2 MPH)
Batting: LHB Gibson Frantz 0-0: Called Strike
0-1: Called Strike
0-2: Ball
1-2: Ball
2-2: Ground out 6-3 (Groundball, 6, EV 103.8 MPH)
Batting: RHB Gaven Robinson 0-0: Ball
1-0: Ball
2-0: Called Strike
2-1: Ball
3-1: Base on Balls
Batting: RHB Andy Mandeville 0-0: Called Strike
0-1: Ball
1-1: Ball
2-1: Foul Ball, location: 2F
2-2: Strikes out looking
Bottom of the 2nd over - 0 runs, 0 hits, 0 errors, 1 left on base; Calgary 0 - Bar Harbor 0
TOP OF THE 3RD
Calgary Cowboys batting - Pitching for Bar Harbor Islanders : LHP Oscar Thompson
Batting: SHB Steve Palavandishvili 0-0: Called Strike
0-1: Ball
1-1: Called Strike
1-2: Ball
2-2: Foul Ball, location: 2F
2-2: Strikes out swinging
Batting: RHB Jeff DeLong 0-0: Called Strike
0-1: Ball
1-1: Called Strike
1-2: Fly out, F9 (Flyball, 9LSF, EV 88.1 MPH)
Batting: RHB Lanny Suharto 0-0: Ball
1-0: Foul Ball, location: 2F
1-1: Ball
2-1: Swinging Strike
2-2: Ball
3-2: Foul Ball, location: 2F
3-2: Ground out 5-3 (Groundball, 56, EV 100.6 MPH)
Top of the 3rd over - 0 runs, 0 hits, 0 errors, 0 left on base; Calgary 0 - Bar Harbor 0
BOTTOM OF THE 3RD
Bar Harbor Islanders batting - Pitching for Calgary Cowboys : RHP Dario Gibbs
Batting: RHB Tim McClure 0-0: Ball
1-0: Called Strike
1-1: Ball
2-1: Ball
3-1: TRIPLE (Flyball, 78XD, EV 106.9 MPH)
Batting: RHB Zoltan Levchin 0-0: Foul Ball, location: 2F
0-1: Swinging Strike
0-2: Ball
1-2: Ball
2-2: Ball
3-2: Strikes out swinging
Batting: RHB Liam Walker 0-0: Called Strike
0-1: Ball
1-1: Ball
2-1: Ball
3-1: Fly out, F9 (Line Drive, 9S, EV 95.0 MPH)
Batting: RHB Chance Maki 0-0: Called Strike
0-1: Ground out 4-3 (Groundball, 4M, EV 76.9 MPH)
Bottom of the 3rd over - 0 runs, 1 hit, 0 errors, 1 left on base; Calgary 0 - Bar Harbor 0
TOP OF THE 4TH
Calgary Cowboys batting - Pitching for Bar Harbor Islanders : LHP Oscar Thompson
Batting: LHB Stavian Adjeng 0-0: Ball
1-0: Called Strike
1-1: Ball
2-1: Ground out 4-3 (Groundball, 4M, EV 81.9 MPH)
Batting: LHB Wyatt Ludwig 0-0: Called Strike
0-1: Foul Ball, location: 2F
0-2: Ball
1-2: Strikes out swinging
Batting: RHB Archie Dorsey 0-0: Ball
1-0: Ball
2-0: Ball
3-0: Called Strike
3-1: Foul Ball, location: 2F
3-2: SINGLE (Groundball, 56D, EV 96.2 MPH)
Batting: SHB Blake Humphrey 0-0: Ball
1-0: Called Strike
1-1: Ball
2-1: Called Strike
2-2: Fly out, F9 (Line Drive, 9S, EV 92.5 MPH)
Top of the 4th over - 0 runs, 1 hit, 0 errors, 1 left on base; Calgary 0 - Bar Harbor 0
BOTTOM OF THE 4TH
Bar Harbor Islanders batting - Pitching for Calgary Cowboys : RHP Dario Gibbs
Batting: LHB Quince Azariev 0-0: Ball
1-0: Foul Ball, location: 2F
1-1: Ball
2-1: Fly out, F9 (Flyball, 89M, EV 86.2 MPH)
Batting: SHB Art Villani 0-0: Ball
1-0: Called Strike
1-1: Called Strike
1-2: Foul Ball, location: 2F
1-2: Foul Ball, location: 2F
1-2: Foul Ball, location: 2F
1-2: Foul Ball, location: 2F
1-2: Strikes out swinging
Batting: LHB Gibson Frantz 0-0: Ball
1-0: Ball
2-0: Called Strike
2-1: Ball
3-1: Fly out, F6 (Popup, 6S, EV 83.1 MPH)
Bottom of the 4th over - 0 runs, 0 hits, 0 errors, 0 left on base; Calgary 0 - Bar Harbor 0
TOP OF THE 5TH
Calgary Cowboys batting - Pitching for Bar Harbor Islanders : LHP Oscar Thompson
Batting: RHB Larry Blachowicz 0-0: Foul Ball, location: 2F
0-1: Fly out, F8 (Line Drive, 8LM, EV 98.8 MPH)
Batting: RHB Trent Gianopulos 0-0: Swinging Strike
0-1: Foul Ball, location: 2F
0-2: Foul Ball, location: 2F
0-2: Strikes out swinging
Batting: SHB Steve Palavandishvili 0-0: Ball
1-0: Foul Ball, location: 2F
1-1: Called Strike
1-2: Ball
2-2: Foul Ball, location: 2F
2-2: Foul Ball, location: 2F
2-2: Foul Ball, location: 2F
2-2: Ball
3-2: Foul Ball, location: 2F
3-2: Base on Balls
Pitching: LHP Danny LaRosa
Batting: RHB Jeff DeLong 0-0: Ball
1-0: Ball
2-0: Called Strike
2-1: SINGLE (Flyball, 9LS, EV 94.4 MPH)
Steve Palavandishvili to second
Runner from 2nd tries for 3rd, SAFE, throw by RF made to third
Pinch Runner at 3rd M.J. McCaslin:
Batting: RHB Lanny Suharto 0-0: Fielders Choice at 2nd, 6-4 (Groundball, 56D, EV 91.2 MPH)
Top of the 5th over - 0 runs, 1 hit, 0 errors, 2 left on base; Calgary 0 - Bar Harbor 0
BOTTOM OF THE 5TH
Bar Harbor Islanders batting - Pitching for Calgary Cowboys : RHP Dario Gibbs
Now at 2B: M.J. McCaslin
Now at SS: Lanny Suharto
Batting: RHB Gaven Robinson 0-0: Ball
1-0: Ball
2-0: Fly out, F7 (Flyball, 7, EV 85.0 MPH)
Batting: RHB Andy Mandeville 0-0: Called Strike
0-1: Ball
1-1: Called Strike
1-2: Foul Ball, location: 2F
1-2: Ball
2-2: SINGLE (Groundball, 56S, EV 69.4 MPH) (infield hit)
Batting: RHB Tim McClure 0-0: Ball
1-0: Called Strike
1-1: Ball
2-1: Ball
3-1: DOUBLE (Flyball, 8RD, EV 103.8 MPH)
Andy Mandeville to third
Batting: RHB Zoltan Levchin 0-0: Ball
1-0: Called Strike
1-1: Fly out, F8 (Flyball, 8LD, EV 80.0 MPH)
Runner from 3rd tags up, OUT at HOME! 8-2
Bottom of the 5th over - 0 runs, 2 hits, 0 errors, 1 left on base; Calgary 0 - Bar Harbor 0
TOP OF THE 6TH
Calgary Cowboys batting - Pitching for Bar Harbor Islanders : LHP Danny LaRosa
Batting: LHB Stavian Adjeng 0-0: Fly out, F4 (Popup, 4D, EV 53.8 MPH)
Batting: LHB Wyatt Ludwig 0-0: Swinging Strike
0-1: Fly out, F7 (Line Drive, 78D, EV 88.8 MPH)
Batting: RHB Archie Dorsey 0-0: Ball
1-0: Swinging Strike
1-1: Ball
2-1: Called Strike
2-2: Ball
3-2: SINGLE (Groundball, 6MD, EV 97.5 MPH)
Batting: SHB Blake Humphrey 0-0: Ball
1-0: Foul Ball, location: 2F
1-1: Foul Ball, location: 2F
1-2: Strikes out swinging
Top of the 6th over - 0 runs, 1 hit, 0 errors, 1 left on base; Calgary 0 - Bar Harbor 0
BOTTOM OF THE 6TH
Bar Harbor Islanders batting - Pitching for Calgary Cowboys : RHP Dario Gibbs
Batting: RHB Liam Walker 0-0: Ball
1-0: Foul Ball, location: 2F
1-1: Called Strike
1-2: Ball
2-2: Ground out U3 (Groundball, 34, EV 84.4 MPH)
Batting: RHB Chance Maki 0-0: Ball
1-0: Ball
2-0: Ball
3-0: Called Strike
3-1: Base on Balls
Batting: LHB Quince Azariev 0-0: Called Strike
0-1: Ball
1-1: Foul Ball, location: 2F
1-2: Ball
2-2: Ball
3-2: SINGLE (Groundball, 34, EV 96.9 MPH)
Chance Maki to second
Runner from 2nd tries for 3rd, SAFE, throw by RF made to third
Batting: SHB Art Villani 0-0: Ball
1-0: Called Strike
Quince Azariev steals 2nd base
1-1: Foul Ball, location: 2F
1-2: Ball
2-2: Foul Ball, location: 2F
2-2: Ball
3-2: Strikes out swinging
Batting: LHB Gibson Frantz 0-0: Ball
1-0: Ball
2-0: Swinging Strike
2-1: Swinging Strike
2-2: Strikes out swinging
Bottom of the 6th over - 0 runs, 1 hit, 0 errors, 2 left on base; Calgary 0 - Bar Harbor 0
TOP OF THE 7TH
Calgary Cowboys batting - Pitching for Bar Harbor Islanders : LHP Danny LaRosa
Batting: RHB Larry Blachowicz 0-0: Ball
1-0: Swinging Strike
1-1: Ball
2-1: Swinging Strike
2-2: Foul Ball, location: 2F
2-2: Ball
3-2: Base on Balls
Pitching: RHP Ryan Callen
Batting: RHB Trent Gianopulos 0-0: Called Strike
0-1: Ball
1-1: Ball
2-1: Ball
3-1: Fly out, F9 (Flyball, 9, EV 92.5 MPH)
Batting: RHB M.J. McCaslin Balk!
Larry Blachowicz to second
0-0: Fly out, F9 (Flyball, 9S, EV 85.0 MPH)
Pinch Hitting: LHB Isaac Luo 0-0: Intentional Walk
Batting: RHB Lanny Suharto 0-0: Called Strike
0-1: Ball
1-1: Ball
2-1: Ball
Passed Ball!
Larry Blachowicz to third
Isaac Luo to second
3-1: Fly out, F4 (Popup, 23, EV 90.6 MPH)
Top of the 7th over - 0 runs, 0 hits, 0 errors, 2 left on base; Calgary 0 - Bar Harbor 0
BOTTOM OF THE 7TH
Bar Harbor Islanders batting - Pitching for Calgary Cowboys : RHP Dario Gibbs
Now in CF: Isaac Luo
Batting: RHB Gaven Robinson 0-0: Ball
1-0: Called Strike
1-1: Ball
2-1: Foul Ball, location: 2F
2-2: SINGLE (Line Drive, 89S, EV 104.4 MPH)
Pitching: LHP Ashby Meissen
Batting: RHB Andy Mandeville 0-0: Foul Ball, location: 2F
0-1: Ball
1-1: Foul Ball, location: 2F
1-2: Fly out, F7 (Flyball, 8LM, EV 90.0 MPH)
Batting: RHB Tim McClure 0-0: Called Strike
0-1: Foul Ball, location: 2F
0-2: Ball
1-2: Strikes out looking
Batting: RHB Zoltan Levchin 0-0: Ball
1-0: Ball
2-0: Fly out, F8 (Line Drive, 8LM, EV 91.2 MPH)
Bottom of the 7th over - 0 runs, 1 hit, 0 errors, 1 left on base; Calgary 0 - Bar Harbor 0
TOP OF THE 8TH
Calgary Cowboys batting - Pitching for Bar Harbor Islanders : RHP Ryan Callen
Batting: LHB Stavian Adjeng 0-0: Ball
1-0: Swinging Strike
1-1: Ball
2-1: Foul Ball, location: 2F
2-2: Foul Ball, location: 2F
2-2: Fly out, F8 (Flyball, 8RM, EV 78.1 MPH)
Pitching: LHP Damian Tribolet
Batting: LHB Wyatt Ludwig 0-0: Swinging Strike
0-1: Ball
1-1: Ground out 6-3 (Groundball, 6, EV 91.9 MPH)
Pitching: LHP Cowan Sramek
Batting: RHB Archie Dorsey 0-0: Ball
1-0: Foul Ball, location: 2F
1-1: Foul Ball, location: 2F
1-2: SINGLE (Line Drive, 34, EV 106.2 MPH)
Batting: SHB Blake Humphrey 0-0: Called Strike
0-1: Foul Ball, location: 2F
0-2: Ball
1-2: Ball
2-2: Ground out 4-3 (Groundball, 34, EV 85.6 MPH)
Top of the 8th over - 0 runs, 1 hit, 0 errors, 1 left on base; Calgary 0 - Bar Harbor 0
BOTTOM OF THE 8TH
Bar Harbor Islanders batting - Pitching for Calgary Cowboys : LHP Ashby Meissen
Batting: RHB Liam Walker 0-0: Called Strike
0-1: Ball
1-1: Foul Ball, location: 2F
1-2: Ball
2-2: Foul Ball, location: 2F
2-2: Fly out, F9 (Line Drive, 9S, EV 103.8 MPH)
Batting: RHB Chance Maki 0-0: Swinging Strike
0-1: Ball
1-1: Called Strike
1-2: Foul Ball, location: 2F
1-2: Ball
2-2: Strikes out swinging
Batting: LHB Quince Azariev 0-0: Ball
1-0: Called Strike
1-1: Ball
2-1: Ball
3-1: Fly out, F7 (Line Drive, 7S, EV 97.5 MPH)
Bottom of the 8th over - 0 runs, 0 hits, 0 errors, 0 left on base; Calgary 0 - Bar Harbor 0
TOP OF THE 9TH
Calgary Cowboys batting - Pitching for Bar Harbor Islanders : LHP Cowan Sramek
Batting: RHB Larry Blachowicz 0-0: Ball
1-0: Fly out, F6 (Popup, 6M, EV 65.6 MPH)
Batting: RHB Trent Gianopulos 0-0: Ball
1-0: Called Strike
1-1: Ground out 1-3 (Groundball, 13, EV 75.0 MPH)
Batting: RHB M.J. McCaslin 0-0: Ball
1-0: Ball
2-0: Ball
3-0: Called Strike
3-1: Ground out 4-3 (Groundball, 13, EV 86.9 MPH)
Top of the 9th over - 0 runs, 0 hits, 0 errors, 0 left on base; Calgary 0 - Bar Harbor 0
BOTTOM OF THE 9TH
Bar Harbor Islanders batting - Pitching for Calgary Cowboys : LHP Ashby Meissen
Batting: SHB Art Villani 0-0: Foul Ball, location: 2F
0-1: Ball
1-1: Ball
2-1: Ball
3-1: Called Strike
3-2: Foul Ball, location: 2F
3-2: Foul Ball, location: 2F
3-2: Fly out, F9 (Flyball, 89M, EV 86.2 MPH)
Pinch Hitting: RHB Jaxon King 0-0: Ball
1-0: Called Strike
1-1: Ball
2-1: Foul Ball, location: 2F
2-2: Foul Ball, location: 2F
2-2: Ball
3-2: Foul Ball, location: 2F
3-2: Strikes out swinging
Pitching: LHP Dalton Malcolm
Batting: RHB Gaven Robinson 0-0: Ball
1-0: Fly out, F8 (Flyball, 8LM, EV 80.6 MPH)
Bottom of the 9th over - 0 runs, 0 hits, 0 errors, 0 left on base; Calgary 0 - Bar Harbor 0
TOP OF THE 10TH
Calgary Cowboys batting - Pitching for Bar Harbor Islanders : LHP Cowan Sramek
Pitching: RHP Jared Bedard
Now at 1B: Jeremy Morrell
Batting: LHB Isaac Luo 0-0: Called Strike
0-1: Ball
1-1: Ground out U3 (Groundball, 3, EV 101.2 MPH)
Batting: RHB Lanny Suharto 0-0: Called Strike
0-1: Ball
1-1: Swinging Strike
1-2: Ball
2-2: Foul Ball, location: 2F
2-2: Ball
3-2: Base on Balls
Batting: LHB Stavian Adjeng 0-0: Swinging Strike
0-1: Ball
1-1: Fly out, F7 (Flyball, 7S, EV 90.6 MPH)
Batting: LHB Wyatt Ludwig 0-0: Ball
1-0: Fielders Choice at 2nd, 6-4 (Groundball, 6, EV 94.4 MPH)
Top of the 10th over - 0 runs, 0 hits, 0 errors, 1 left on base; Calgary 0 - Bar Harbor 0
BOTTOM OF THE 10TH
Bar Harbor Islanders batting - Pitching for Calgary Cowboys : LHP Dalton Malcolm
Pitching: LHP Topher Vaughn
Batting: RHB Andy Mandeville 0-0: Ball
1-0: Called Strike
1-1: Swinging Strike
1-2: Ball
2-2: Fly out, F8 (Flyball, 8RM, EV 78.1 MPH)
Batting: RHB Tim McClure 0-0: Called Strike
0-1: Foul Ball, location: 2F
0-2: Strikes out swinging
Batting: RHB Zoltan Levchin 0-0: Ground out 4-3 (Groundball, 34, EV 84.4 MPH)
Bottom of the 10th over - 0 runs, 0 hits, 0 errors, 0 left on base; Calgary 0 - Bar Harbor 0
TOP OF THE 11TH
Calgary Cowboys batting - Pitching for Bar Harbor Islanders : RHP Jared Bedard
Batting: RHB Archie Dorsey 0-0: Called Strike
0-1: Called Strike
0-2: Ball
1-2: Ground out 4-3 (Groundball, 4, EV 79.4 MPH)
Batting: SHB Blake Humphrey 0-0: Ball
1-0: Swinging Strike
1-1: Ball
2-1: Called Strike
2-2: Strikes out swinging
Batting: RHB Larry Blachowicz 0-0: Called Strike
0-1: Ball
1-1: Fly out, F9 (Flyball, 9LMF, EV 82.5 MPH)
Top of the 11th over - 0 runs, 0 hits, 0 errors, 0 left on base; Calgary 0 - Bar Harbor 0
BOTTOM OF THE 11TH
Bar Harbor Islanders batting - Pitching for Calgary Cowboys : LHP Topher Vaughn
Batting: RHB Liam Walker 0-0: Foul Ball, location: 2F
0-1: Swinging Strike
0-2: Ball
1-2: Hit by Pitch
Batting: RHB Chance Maki 0-0: Ball
1-0: Called Strike
1-1: Swinging Strike
1-2: Foul Ball, location: 2F
1-2: Ball
2-2: Foul Ball, location: 2F
2-2: Ball
3-2: Foul Ball, location: 2F
3-2: SINGLE (Line Drive, 9S, EV 110.0 MPH)
Liam Walker to second
Liam Walker to third
Batting: LHB Quince Azariev 0-0: Ball
1-0: Ball
2-0: Swinging Strike
2-1: Foul Ball, location: 2F
2-2: Strikes out looking
Batting: SHB Art Villani 0-0: Foul Ball, location: 2F
0-1: Ball
1-1: Ball
2-1: Fly out, F8 (Flyball, 89M, EV 66.9 MPH)
Batting: LHB Jeremy Morrell 0-0: Called Strike
0-1: SINGLE (Flyball, 89S, EV 87.5 MPH)
Liam Walker scores
Bottom of the 11th over - 1 run, 2 hits, 0 errors, 1 left on base; Calgary 0 - Bar Harbor 1
Sunday, March 17th , 2024 - OOTP Baseball 23.10 Build 110